 Dungeon Crawl Stone Soup version 0.25-a0-942-g87a53962fc (webtiles) character file.

Game seed: 14349994794752751519, levelgen mode: deterministic

3801 Flugslaktarn the Cleaver (level 9, -11/82 HPs)
             Began as a Minotaur Fighter on May 6, 2020.
             Was an Initiate of Gozag.
             Mangled by a two-headed ogre
             ... wielding a +0 giant club
              (13 damage)
             ... on level 11 of the Dungeon.
             The game lasted 00:04:53 (7542 turns).

Flugslaktarn the Cleaver (Minotaur Fighter)         Turns: 7542, Time: 00:04:53

Health: -11/82     AC: 12    Str: 25    XL:     9   Next: 96%
Magic:  8/8        EV:  5    Int:  5    God:    Gozag
Gold:   1118       SH: 11    Dex:  9    Spells: 8/8 levels left

rFire    . . .     SeeInvis .   a - +1 war axe
rCold    . . .     Gourm    .   c - +0 kite shield
rNeg     . . .     Faith    .   B - +0 plate armour
rPois    +         Spirit   .   (helmet restricted)
rElec    .         Reflect  .   A - +0 cloak
rCorr    .         Harm     .   (no gloves)
MR       .....                  y - +0 pair of boots
Stlth    ..........             r - amulet of regeneration
HPRegen  0.63/turn              u - ring of flight
MPRegen  0.11/turn              o - ring of poison resistance

@: mighty, corroded
A: retaliatory headbutt, horns 2
a: Potion Petition, Call Merchant, Bribe Branch, Renounce Religion, Evoke Flight


You were on level 11 of the Dungeon.
You worshipped Gozag.
Gozag was most pleased with you.
You were not hungry.

You visited 2 branches of the dungeon, and saw 11 of its levels.

You collected 1210 gold pieces.
You spent 1 gold pieces at shops.
You paid 91 gold pieces to Gozag.

Inventory:

Hand Weapons
 a - a +1 war axe (weapon)
 g - a -3 executioner's axe
   (You bought it in a shop on level 6 of the Dungeon)
Armour
 c - a +0 kite shield (worn)
 y - a +0 pair of boots (worn)
   (You found it on level 4 of the Dungeon)
 A - a +0 cloak (worn)
   (You found it on level 5 of the Dungeon)
 B - a +0 plate armour (worn)
   (You took it off an orc warrior on level 6 of the Dungeon)
Jewellery
 o - a ring of poison resistance (right hand)
   (You found it on level 3 of the Dungeon)
 r - an amulet of regeneration (around neck)
   (You found it on level 5 of the Dungeon)
 u - a ring of flight (left hand)
   (You found it on level 2 of the Dungeon)
 H - a +3 ring of strength {unknown}
   (You found it on level 8 of the Dungeon)
Wands
 b - a wand of acid (3)
   (You found it on level 4 of the Dungeon)
 I - a wand of paralysis (9)
   (You found it on level 11 of the Dungeon)
Scrolls
 f - 2 scrolls of fear {unknown}
 i - 5 scrolls of magic mapping
 k - a scroll of enchant armour {unknown}
 l - 4 scrolls of fog
 m - a scroll of random uselessness {unknown}
 n - a scroll of summoning {unknown}
 p - a scroll of enchant weapon
 t - 6 scrolls of teleportation
 x - a scroll of remove curse
 C - a scroll of immolation {unknown}
 F - a scroll of silence {unknown}
Potions
 d - 2 potions of might
 h - 2 potions of haste
 j - a potion of invisibility {unknown}
 q - a potion of curing
 s - a potion of flight {unknown}
 v - a potion of stabbing {unknown}
 w - 3 potions of lignification
 z - 2 potions of degeneration {unknown}
 D - a potion of berserk rage {unknown}
 E - a potion of brilliance {unknown}
 G - a potion of cancellation {unknown}
Comestibles
 e - 9 rations


   Skills:
 + Level 8.8 Fighting
 * Level 11.3 Axes
 + Level 8.8 Armour
 + Level 0.0 Dodging
 - Level 7.3 Shields


You had 8 spell levels left.
You didn't know any spells.
Your spell library was empty.

Dungeon Overview and Level Annotations

Branches:
Dungeon (12/15)            Temple (1/1) D:4
   Lair: D:8-11         Orc: D:9-12

Altars:
Cheibriados
Dithmenos
Elyvilon
Gozag
Hepliaklqana
Makhleb
Nemelex Xobeh
Okawaru
Qazlal
Ru
Sif Muna
Trog
Vehumet
Wu Jian
Xom
Yredelemnul
Zin
The Shining One

Shops:
D:6 *


Innate Abilities, Weirdness & Mutations

You reflexively headbutt those who attack you in melee.
You have a pair of horns on your head.


Message History

The acid dragon claws you but does no damage.
You hit the two-headed ogre.
The two-headed ogre is moderately wounded.
You slash the acid dragon!
The two-headed ogre hits you with a +0 giant club! x2
* * * LOW HITPOINT WARNING * * *
The acid dragon bites you.
* * * LOW HITPOINT WARNING * * *
The acid dragon claws you.
* * * LOW HITPOINT WARNING * * *
You are too injured to fight recklessly!
You are too injured to fight recklessly!
There is a stone staircase leading down here.
Okay, then.
You feel very mighty all of a sudden.
The two-headed ogre hits you with a +0 giant club!
* * * LOW HITPOINT WARNING * * *
The two-headed ogre hits you with a +0 giant club!
You die...
Your body crumbles into a pile of gold.

############
###..........#
#............#
#..........#
#..........#########
#.........WO@.....:)
#....}....D#########
#..........#
#########.## ##..#
#..## ##.## #..#
#.##


You could see a two-headed ogre, a phantom and an acid dragon.

Vanquished Creatures
  A hornet (D:7)
  A hippogriff (D:4)
  Sigmund (D:6)
  Eustachio (D:6)
  Edmund (D:5)
  A water moccasin (D:5)
  An orc warrior (D:6)
  An ice beast (D:7)
  2 phantoms
  A black bear (D:7)
  An ogre (D:8)
  4 sky beasts
  A centaur (D:6)
  Blork the orc (D:6)
  A big kobold (D:7)
  4 bullfrogs
  5 scorpions
  A bullfrog zombie (D:8)
  3 jellies
  A quasit (D:8)
  4 hounds
  8 orc wizards
  9 orc priests
  3 iguanas
  3 worker ants
  9 gnolls
  15 adders
  2 shadow imps
  An ooze (D:4)
  5 worms
  A dart slug (D:4)
  4 leopard geckos
  22 orcs
  A ball python (D:5)
  7 giant cockroaches
  A goblin (D:1)
  6 hobgoblins
  5 jackals
  A quokka (D:2)
  11 bats
  5 frilled lizards
  6 kobolds
  8 rats
170 creatures vanquished.

Notes
Turn   | Place    | Note
-------+----------+-------------------------------------------
     0 | D:1      | Flugslaktarn the Minotaur Fighter began the quest for the
                  | Orb.
     0 | D:1      | Reached XP level 1. HP: 19/19 MP: 0/0
   196 | D:1      | Reached XP level 2. HP: 27/27 MP: 1/1
   259 | D:1      | Reached skill level 3 in Axes
   816 | D:2      | Reached XP level 3. HP: 30/33 MP: 2/2
  1473 | D:3      | Reached XP level 4. HP: 40/40 MP: 3/3
  1482 | D:3      | Reached skill level 4 in Axes
  1680 | D:3      | Reached XP level 5. HP: 16/47 MP: 4/4
  2585 | D:4      | Found a staircase to the Ecumenical Temple.
  2625 | D:4      | Reached skill level 5 in Axes
  2646 | Temple   | Entered the Ecumenical Temple
  2731 | Temple   | Became a worshipper of Gozag Ym Sagoz the Greedy
  2760 | D:4      | Noticed a hippogriff
  2771 | D:4      | Killed a hippogriff
  2771 | D:4      | Reached skill level 5 in Fighting
  2771 | D:4      | Reached skill level 5 in Armour
  2771 | D:4      | Reached skill level 5 in Shields
  2771 | D:4      | Reached XP level 6. HP: 37/56 MP: 5/5
  3050 | D:4      | Reached skill level 6 in Axes
  3377 | D:4      | Reached XP level 7. HP: 48/61 MP: 6/6
  3865 | D:5      | Entered Level 5 of the Dungeon
  3951 | D:5      | HP: 1/61 [orc priest/divine providence (9)]
  4452 | D:5      | Noticed Edmund
  4468 | D:5      | Killed Edmund
  4468 | D:5      | Reached skill level 7 in Axes
  4576 | D:5      | Found a sacrificial altar of Ru.
  4873 | D:5      | Reached XP level 8. HP: 67/70 MP: 7/7
  5090 | D:6      | Noticed Blork the orc
  5092 | D:6      | Noticed Eustachio
  5097 | D:6      | Reached skill level 8 in Axes
  5099 | D:6      | Killed Blork the orc
  5331 | D:6      | Killed Eustachio
  5665 | D:6      | Noticed Sigmund
  5676 | D:6      | Killed Sigmund
  5703 | D:6      | Reached skill level 9 in Axes
  6187 | D:6      | Reached XP level 9. HP: 74/79 MP: 8/8
  6313 | D:6      | Found Geollej's Lightly-Used Armoury.
  6320 | D:6      | Bought a -3 executioner's axe for 1 gold piece
  6672 | D:7      | Reached skill level 10 in Axes
  7072 | D:7      | Found a shadowy altar of Dithmenos.
  7259 | D:8      | Reached skill level 11 in Axes
  7469 | D:8      | You fall into a shaft and drop 3 floors!
  7484 | D:11     | Noticed a two-headed ogre
  7542 | D:11     | HP: 2/82 [two-headed ogre/+0 giant club (15)]
  7542 | D:11     | Mangled by a two-headed ogre

Levels and vault maps discovered:
D:1:      minmay_arrival_cross, layout_rooms, minivault_5
D:2:      layout_loops_ring
D:3:      layout_basic, portal_sewer_entry_d
D:4:      wad_crossroads, layout_loops_ring, minmay_temple_entry_offerings,
          minmay_fractal_squares_5
D:5:      layout_basic, hangedman_ru_absence, first_ration, uniq_edmund
D:6:      layout_basic, minivault_19, chequers_serial_rivers_small_b,
          minmay_shop_damaged, uniq_sigmund, uniq_eustachio, uniq_blork_the_orc
D:7:      layout_gridville, grunt_dithmenos_smoke_and_mirrors
D:8:      layout_basic, chequers_temple_overflow_minitemple,
          grunt_lair_entry_orc_guard_hut
D:11:     layout_roguey, serial_shops, kennysheep_mini
D:12:     layout_small_grid, enter_trove_3, serial_shops, shop,
          hangedman_stone_soup, evilmike_minifort
Temple:   lightli_temple_of_artemis

Skill      XL: |  1  2  3  4  5  6  7  8  9 |
---------------+----------------------------+-----
Axes           | 3 4 5 6 7 9 11 | 11.3
Armour         | 4 5 6 7 8 |  8.8
Fighting       | 4 5 6 7 8 |  8.8
Shields        | 4 5 6 7 |  7.3

Action                   |  1- 3 |  4- 6 |  7- 9 || total
-------------------------+-------+-------+-------++-------
Melee: War axe           |    97 |   121 |   359 ||   577
       Headbutt          |    14 |    17 |    71 ||   102
Invok: Potion Petition   |       |       |     1 ||     1
Evoke: Wand              |       |       |     1 ||     1
  Use: Scroll            |       |     4 |     5 ||     9
       Potion            |       |       |     2 ||     2
 Stab: Distracted        |       |       |     2 ||     2
  Eat: Chunk             |     2 |     4 |       ||     6
       Ration            |       |     1 |     4 ||     5
Armor: Scale mail        |    47 |       |       ||    47
       Chain mail        |    13 |    64 |   138 ||   215
       Plate armour      |       |       |   103 ||   103
Dodge: Dodged            |    34 |    26 |   107 ||   167
Block: Kite shield       |    56 |    60 |   217 ||   333

Table legend:
 A = Non-vault XP
 B = Vault XP
 C = Vault XP percentage of total XP
 D = Non-vault monster count
 E = Vault monster count
 F = Vault count percentage of total count
                 A         B        C        D         E       F
            +---------+---------+-------+---------+---------+-------
      Total |    4465 |     965 |  17.8 |     159 |      11 |   6.5
            +---------+---------+-------+---------+---------+-------
        D:1 |      24 |       0 |   0.0 |      15 |       0 |   0.0
        D:2 |      29 |       0 |   0.0 |      17 |       0 |   0.0
        D:3 |     197 |      13 |   6.2 |      26 |       1 |   3.7
        D:4 |     622 |      22 |   3.4 |      14 |       3 |  17.6
        D:5 |     559 |     154 |  21.6 |      18 |       1 |   5.3
        D:6 |     768 |     538 |  41.2 |      20 |       3 |  13.0
        D:7 |    1522 |       0 |   0.0 |      32 |       0 |   0.0
        D:8 |     744 |     238 |  24.2 |      17 |       3 |  15.0
            +---------+---------+-------+---------+---------+-------
